 Dungeon Crawl Stone Soup version 0.29-a0-830-gcb1280458a (webtiles) character file.

Game seed: 13717081661940550221

13797 iguanaiguana the Zephyrmancer (level 12, 0/103 HPs)
             Began as a Meteoran Summoner on July 11, 2022.
             Was a High Priest of Vehumet.
             Slain by an orc high priest
             ... wielding a +0 flail
              (4 damage)
             ... on level 1 of the Orcish Mines on July 12, 2022.
             The game lasted 00:53:16 (3334 turns).

iguanaiguana the Zephyrmancer (Meteoran Summoner)   Turns: 3334, Time: 00:53:16

Health: 0/103      AC:  9    Str: 13    XL:     12   Next: 69%
Magic:  4/23       EV: 16    Int: 22    God:    Vehumet [*****.]
Gold:   398        SH: 11    Dex: 15    Spells: 1/24 levels left

rFire   . . .      SeeInvis +   a - +11 whip of Anger {protect, Str+3}
rCold   . . .      Faith    .   u - +0 kite shield
rNeg    . . .      Spirit   .   C - +0 ring mail
rPois   .          Reflect  .   s - +2 helmet
rElec   .          Harm     .   (no cloak)
rCorr   .          Rampage  .   (no gloves)
Will    +....                   (no boots)
Stlth   +.........              (no amulet)
HPRegen 0.27/turn               e - +4 ring of evasion
MPRegen 0.18/turn               w - ring of see invisible

@: about to teleport, very slightly contaminated, glowing
A: sense surroundings 2, otherworldly, glowing, explore regen
a: Renounce Religion


You were on level 1 of the Orcish Mines.
You worshipped Vehumet.
Vehumet was extremely pleased with you.
You visited 2 branches of the dungeon, and saw 12 of its levels.
You also visited: Sewer and Bailey.

You collected 510 gold pieces.
You spent 112 gold pieces at shops.

Inventory:

Hand Weapons
 a - the +11 whip of Anger (weapon) {protect, Str+3}
   (You found it on level 6 of the Dungeon)

   It grants its wielder temporary protection when it strikes (+7 to AC).
   Str:       It affects your strength (+3).
Missiles
 f - a throwing net
 r - 6 poisoned darts
Armour
 o - a scarf of harm
 q - the +1 pair of boots of Oryeto Quga {-Tele rF+ Regen+ Int+4}
   (You found it on level 6 of the Dungeon)

   Int:       It affects your intelligence (+4).
   rF:        It protects you from fire.
   -Tele:     It prevents most forms of teleportation.
   Regen:     It increases your rate of health regeneration.
 s - a +2 helmet (worn)
 u - a +0 kite shield (worn)
 C - a +0 ring mail (worn)
Jewellery
 e - a +4 ring of evasion (left hand)
 w - a ring of see invisible (right hand)
Wands
 p - a wand of polymorph (8)
Scrolls
 h - a scroll of teleportation {@r3}
 i - a scroll of fog
 t - a scroll of fear
 v - a scroll of magic mapping {unknown}
 y - 6 scrolls of enchant weapon
 z - a scroll of summoning
 B - 3 scrolls of enchant armour
Potions
 b - 4 potions of magic
 c - 2 potions of curing {@q1}
 d - a potion of attraction
 j - 4 potions of might {@q3}
 k - a potion of heal wounds {@q2}
 l - a potion of haste {unknown}
 m - 3 potions of mutation
 n - 2 potions of lignification
 x - a potion of invisibility {unknown}
 A - a potion of brilliance {unknown}
Miscellaneous
 g - a box of beasts (inert)


   Skills:
 + Level 8.9 Fighting
 - Level 4.0 Maces & Flails
 - Level 4.5 Armour
 - Level 7.7 Dodging
 - Level 1.4 Stealth
 - Level 9.3 Shields
 - Level 6.8 Spellcasting
 - Level 2.0 Conjurations
 - Level 7.0 Summonings
 - Level 6.0 Translocations
 - Level 12.0 Air Magic
 - Level 2.0 Poison Magic
 - Level 4.0 Evocations


You had one spell level left.
You knew the following spells:

 Your Spells              Type           Power      Damage    Failure   Level
a - Airstrike             Air            28%        0-10+     1%          4
b - Call Imp              Summ           38%        N/A       3%          2
c - Call Canine Familiar  Summ           38%        N/A       7%          3
d - Summon Lightning Spi  Summ/Air       49%        N/A       8%          4
e - Summon Small Mammal   Summ           100%       N/A       2%          1
f - Blink                 Tloc           66%        N/A       4%          2
g - Swiftness             Air            57%        N/A       1%          3
h - Mephitic Cloud        Conj/Pois/Air  31%        N/A       3%          3
i - Shock                 Conj/Air       100%       1d9       1%          1

Your spell library contained the following spells:

 Spells                   Type           Power      Damage    Failure   Level
 Conjure Ball Lightning   Conj/Air       19%        3x3d6     61%         6
 Lesser Beckoning         Tloc           33%        N/A       10%         3
 Summon Guardian Golem    Hex/Summ       22%        N/A       28%         3
 Ensorcelled Hibernation  Hex/Ice        14%        N/A       52%         2
 Passwall                 Tmut/Erth      5%         N/A       52%         2
 Manifold Assault         Tloc           33%        N/A       67%         5


Dungeon Overview and Level Annotations

Branches:
Dungeon (11/15) Zot: 3530  Temple (0/1) D:6            Lair (0/6) D:9
    Orc (1/2) D:10 Zot: 545   Sewer (visited)          Bailey (visited)

Altars:
Ashenzari
Dithmenos
Fedhas
Hepliaklqana
Kikubaaqudgha
Uskayaw
Vehumet
Zin
The Shining One

Shops:
D:1 (   D:4 (

Portals:
Abyss: D:4
Trove: D:10 (give +4 storm dragon scales)

Annotations:
D:4 1 runed translucent door, Blork the orc; Robin; Veterankin's ghost, amateur GrEE


Innate Abilities, Weirdness & Mutations

You passively map the area around you.
You are easily found by Zot.
You glow in the dark.
You regain HP and MP as you explore.


Message History

Okay, then.
Casting: Mephitic Cloud (mildly dangerous; 3% risk of failure)
Confirm with . or Enter, or press ? or * to list all spells.
Okay, then.
Casting: Mephitic Cloud (mildly dangerous; 3% risk of failure)
Confirm with . or Enter, or press ? or * to list all spells.
You blink.
The smoke demon gestures at you. The sticky flame hits you!
You are covered in liquid flames!
* * * LOW HITPOINT WARNING * * *
As you read the scroll of teleportation {@r3}, it crumbles to dust.
You feel strangely unstable.
You are covered in liquid flames!
* * * LOW HITPOINT WARNING * * *
You feel stable enough to blink again.
The two-headed ogre is engulfed in noxious fumes.
The smoke demon gestures at you. Beogh smites you!
* * * LOW HITPOINT WARNING * * *
Casting: Blink (safe; 4% risk of failure)
Confirm with . or Enter, or press ? or * to list all spells.
Okay, then.
Casting: Blink (safe; 4% risk of failure)
Confirm with . or Enter, or press ? or * to list all spells.
Okay, then.
Casting: Blink (safe; 4% risk of failure)
Confirm with . or Enter, or press ? or * to list all spells.
You miscast Blink.
You are very lightly contaminated with residual magic.
Nothing appears to happen.
You are covered in liquid flames!
* * * LOW HITPOINT WARNING * * *
You are no longer on fire.
The two-headed ogre is engulfed in noxious fumes.
The orc wizard is engulfed in noxious fumes.
The orc wizard appears confused.
The orc wizard hits the orc high priest with a +0 dagger.
The orc high priest hits you with a +0 flail.
You die...

, ..#.....#..#.........$ ,
,,>......##.)...$.....##.,
, , .......#..))........#o
,........)............#,
** .............><.......
** ,
......................, ,
..##.........§........ * #
####......)......... * ,
#.###..o@...§...##.# * **
, ....##..o4).....## #* ,
, ....#.oO.)....... ,, , *
,, , ##.#...○.3.#...##, ,
*#.......°..#.### * * *
##.#..........#, , *
*#.##......#...., , .
,##....#......* ,, *,
...####...##* ,


You could see an orc high priest, a two-headed ogre, an ice devil (summoned), a
smoke demon (summoned), an orc priest and an orc wizard (invisible, confused).

Vanquished Creatures
  An ettin (Orc:1)
  An orc sorcerer (Orc:1)
  4 yaks (D:9)
  A wyvern (D:9)
  An acid dragon (D:11)
  A black bear (D:9)
  An orc warrior (D:9)
  A sky beast (D:6)
  An ogre (Orc:1)
  A phantom (D:10)
  2 bullfrogs
  A scorpion (D:7)
  2 wights (D:7)
  2 troll zombies (D:10)
  3 orc priests
  4 orc wizards
  An ogre zombie (D:10)
  2 gnolls (D:10)
  An adder (D:5)
  10 orcs
  2 giant cockroaches
  4 goblins
  2 hobgoblins
  2 kobolds
  2 ball pythons
  A bat (D:3)
  A hobgoblin skeleton (D:10)
  2 orc skeletons (D:10)
  2 orc zombies (D:10)
  2 rats
61 creatures vanquished.

Vanquished Creatures (collateral kills)
  A two-headed ogre (Orc:1)
  A cyclops (D:10)
  A komodo dragon (D:11)
  A tengu conjurer (D:10)
  A kobold demonologist (D:10)
  Sigmund (D:4)
  A shadow (D:7)
  A wraith (D:10)
  2 yaks (D:9)
  A wyvern (D:9)
  A steam dragon (D:7)
  Menkaure (D:4)
  A black bear (D:9)
  12 orc warriors
  An ice beast (D:7)
  2 centaurs
  3 phantoms
  2 bullfrogs (D:7)
  2 scorpions
  A necrophage (D:7)
  3 gnoll sergeants
  3 wights (D:7)
  2 troll zombies (D:10)
  2 howler monkeys
  A gnoll bouda (D:5)
  5 hounds
  A jelly (D:6)
  2 orc priests
  2 iguanas
  7 orc wizards
  A hell rat (Sewer)
  An ogre zombie (D:10)
  A nameless horror (D:7)
  An adder (D:2)
  13 gnolls
  3 river rats
  A white imp (D:6)
  A dart slug (D:5)
  45 orcs
  A giant cockroach (D:3)
  12 goblins
  3 hobgoblins
  A quokka (D:5)
  4 ball pythons
  3 bats (D:1)
  A frilled lizard (D:3)
  A goblin skeleton (D:10)
  A goblin zombie (D:10)
  2 hobgoblin skeletons (D:10)
  7 kobolds
  2 orc skeletons (D:10)
  7 orc zombies (D:10)
  5 rats
182 creatures vanquished.

Vanquished Creatures (others)
  A shadow (D:7)
  3 orc wizards
  3 gnolls
  2 orcs
  3 plants
12 creatures vanquished.

Grand Total: 255 creatures vanquished

Notes
Turn   | Place    | Note
-------+----------+-------------------------------------------
     0 | D:1      | iguanaiguana the Meteoran Summoner began the quest for the
                  | Orb.
     0 | D:1      | Reached XP level 1. HP: 14/14 MP: 5/5
    89 | D:1      | Reached skill level 5 in Summonings
    96 | D:1      | Reached XP level 2. HP: 20/20 MP: 3/6
   121 | D:1      | Found a faded altar of an unknown god.
   151 | D:1      | Found Bacebeuk's Weapon Boutique.
   227 | D:1      | Learned a level 2 spell: Call Imp
   234 | D:2      | Reached XP level 3. HP: 21/26 MP: 4/8
   440 | D:3      | Found a radiant altar of Vehumet.
   448 | D:3      | Became a worshipper of Vehumet
   456 | D:3      | Learned a level 3 spell: Call Canine Familiar
   473 | D:2      | Reached XP level 4. HP: 33/33 MP: 3/9
   547 | D:3      | Found a glowing golden altar of the Shining One.
   548 | D:3      | Found an ancient bone altar of Kikubaaqudgha.
   549 | D:3      | Found a blossoming altar of Fedhas.
   550 | D:3      | Found a glowing silver altar of Zin.
   615 | D:4      | Noticed Robin
   620 | D:4      | Noticed Blork the orc
   717 | D:3      | Reached XP level 5. HP: 38/38 MP: 10/10
   782 | D:1      | Bought a +1 dagger of venom for 112 gold pieces
   944 | D:4      | Found Baevurix's Antique Weapon Boutique.
   967 | D:3      | Found a hide-covered altar of Uskayaw.
   984 | D:4      | Noticed Sigmund
   992 | D:4      | Noticed Menkaure
   999 | D:4      | Killed Sigmund
   999 | D:4      | Reached * piety under Vehumet
   999 | D:4      | Offered knowledge of Shock by Vehumet.
  1000 | D:4      | Reached skill level 4 in Air Magic
  1000 | D:4      | Reached XP level 6. HP: 45/45 MP: 6/13
  1002 | D:4      | Learned a level 1 spell: Shock
  1007 | D:4      | Learned a level 4 spell: Summon Lightning Spire
  1012 | D:4      | Killed Menkaure
  1013 | D:4      | Reached skill level 5 in Air Magic
  1013 | D:4      | Reached XP level 7. HP: 15/50 MP: 4/14
  1023 | D:5      | Entered Level 5 of the Dungeon
  1132 | D:4      | Found a one-way gate to the infinite horrors of the Abyss.
  1135 | D:4      | Found a runed translucent door.
  1140 | D:4      | Noticed Veterankin's ghost (amateur GrEE)
  1201 | D:5      | Reached skill level 6 in Air Magic
  1201 | D:5      | Reached skill level 1 in Fighting
  1281 | D:5      | Learned a level 2 spell: Blink
  1350 | D:5      | Reached skill level 1 in Translocations
  1414 | D:5      | Found a glowing drain.
  1418 | Sewer    | Entered a sewer
  1437 | Sewer    | Reached XP level 8. HP: 62/62 MP: 8/15
  1457 | Sewer    | Offered knowledge of Searing Ray by Vehumet.
  1577 | D:5      | Reached ** piety under Vehumet
  1643 | D:7      | Reached skill level 5 in Spellcasting
  1661 | D:6      | Learned a level 3 spell: Swiftness
  1689 | D:7      | Noticed a shadow
  1787 | D:6      | Reached skill level 7 in Air Magic
  1792 | D:6      | Identified the +11 whip of Anger {protect, Str+3}
  1828 | D:7      | Noticed a steam dragon
  1835 | D:7      | Killed a shadow
  1836 | D:7      | Gained mutation: You passively map the area around you.
                  | [Meteoran growth]
  1836 | D:7      | Reached XP level 9. HP: 24/70 MP: 17/20
  1885 | D:6      | Identified the +1 pair of boots of Oryeto Quga {-Tele rF+
                  | Regen+ Int+4}
  1932 | D:6      | Reached skill level 1 in Maces & Flails
  1981 | D:6      | Offered knowledge of Mephitic Cloud by Vehumet.
  2020 | D:6      | Found a shadowy altar of Dithmenos.
  2044 | D:6      | Learned a level 3 spell: Mephitic Cloud
  2057 | D:6      | Found a staircase to the Ecumenical Temple.
  2092 | D:7      | Reached skill level 1 in Conjurations
  2092 | D:7      | Reached skill level 1 in Poison Magic
  2104 | D:7      | Reached *** piety under Vehumet
  2113 | D:7      | Reached skill level 8 in Air Magic
  2173 | D:7      | Reached skill level 9 in Air Magic
  2198 | D:7      | Reached skill level 5 in Fighting
  2198 | D:7      | Reached XP level 10. HP: 60/81 MP: 10/21
  2360 | D:8      | Reached skill level 1 in Shields
  2410 | D:9      | Offered knowledge of Stone Arrow by Vehumet.
  2471 | D:9      | Reached skill level 5 in Shields
  2483 | D:9      | Found a staircase to the Lair.
  2494 | D:9      | Reached skill level 5 in Dodging
  2569 | D:9      | Reached skill level 1 in Evocations
  2605 | D:9      | Found a flagged portal.
  2616 | Bailey   | Entered a bailey
  2624 | Bailey   | Reached **** piety under Vehumet
  2627 | Bailey   | Offered knowledge of Airstrike by Vehumet.
  2724 | Bailey   | Reached XP level 11. HP: 78/89 MP: 13/22
  2725 | Bailey   | Reached XP level 12. HP: 90/103 MP: 14/23
  2851 | D:9      | Found a broken altar of Ashenzari.
  2878 | D:9      | Found a hazy altar of Hepliaklqana.
  2885 | D:10     | Entered Level 10 of the Dungeon
  2896 | D:10     | Reached skill level 5 in Translocations
  2954 | D:10     | Learned a level 4 spell: Airstrike
  2975 | D:10     | Found a portal to a secret trove of treasure.
  3062 | D:10     | Found a staircase to the Orcish Mines.
  3149 | D:10     | Reached ***** piety under Vehumet
  3165 | D:10     | Offered knowledge of Conjure Ball Lightning by Vehumet.
  3197 | D:10     | Reached skill level 10 in Air Magic
  3280 | Orc:1    | Entered Level 1 of the Orcish Mines
  3280 | Orc:1    | Noticed an ettin
  3280 | Orc:1    | Noticed a two-headed ogre
  3284 | Orc:1    | Paralysed by an orc sorcerer for 2 turns
  3292 | Orc:1    | Noticed a two-headed ogre
  3297 | Orc:1    | Killed a two-headed ogre
  3298 | Orc:1    | Reached skill level 11 in Air Magic
  3314 | Orc:1    | Noticed an orc high priest
  3317 | Orc:1    | Killed an ettin
  3328 | Orc:1    | Reached skill level 12 in Air Magic
  3334 | Orc:1    | HP: 3/103 [burnt (4)]
  3334 | Orc:1    | Slain by an orc high priest

Illustrated notes

Levels and vault maps discovered:
D:1:      lightli_arrival_windingriver, layout_loops_cross,
          hellmonk_ecumenical_altar_arch_garden, serial_shops,
          nicolae_square_shop
D:2:      layout_basic, basic_altar, st_stairs_5
D:3:      cheibrodos_pilgrimage, layout_loops_ring, overflow_temple_1_default,
          mainiacjoe_overflow_tiny_flanked, mainiacjoe_overflow_alcove_3,
          minmay_misc_feat_ornament, chequers_serial_rivers_micro_b,
          chequers_mini_garden
D:4:      due_chaos_kobolds, layout_cave_pools, ebering_ghost_sewer_f,
          serial_shops, nicolae_shop_hallway_plus, nicolae_shop_stone,
          nicolae_shop_hallway_stairs, nicolae_shop_trees,
          nicolae_shop_bloodbath_and_beyond, minmay_misc_feat_encased,
          grunt_decor_mini_mirrors, uniq_blork_the_orc, uniq_sigmund,
          uniq_robin, uniq_menkaure
D:5:      layout_basic, xom_redecorated, gup_sewer_entry_spiral,
          chequers_serial_rivers_micro_b
D:6:      layout_basic, nicolae_dithmenos_shadow_blocks, temple_statues,
          nicolae_elevator_lobby_plus
D:7:      layout_rooms, nrook_mini_backslash
D:8:      layout_basic
D:9:      layout_rooms, mainiacjoe_overflow_24_doors,
          mainiacjoe_overflow_small_starburst, david_lair_generic,
          enter_bailey_3, hangedman_abyss_or_decor_slice,
          nicolae_underground_beach
D:10:     cheibrodos_wizards_tower, layout_irregular_city, zombieorc1_lemuel,
          enter_trove_1, gammafunk_ghost_necromancy, serial_bayou_pond_b,
          minmay_shop_mass, grunt_ministairs_10, kennysheep_cluttered_room
D:11:     layout_layer_cave
Orc:1:    layout_caves, gammafunk_ghost_wrathful_warriors

Skill      XL: |  1  2  3  4  5  6  7  8  9 10 11 12 |
---------------+-------------------------------------+-----
Summonings     | 5 6 7 |  7.0
Spellcasting   | 4 6 |  6.8
Air Magic      | 4 5 6 7 9 12 | 12.0
Fighting       | 2 3 5 6 8 |  8.9
Translocations | 1 2 3 4 6 |  6.0
Dodging        | 3 6 7 |  7.7
Maces & Flails | 4 |  4.0
Conjurations   | 2 |  2.0
Poison Magic   | 2 |  2.0
Shields        | 6 9 |  9.3
Evocations     | 4 |  4.0
Armour         | 4 |  4.5
Stealth        | |  1.4

Action                   |  1- 3 |  4- 6 |  7- 9 | 10-12 || total
-------------------------+-------+-------+-------+-------++-------
Melee: Unarmed           |    12 |       |       |       ||    12
       Dagger            |    18 |    24 |    45 |       ||    87
       Punch             |       |       |     1 |       ||     1
       Whip              |       |       |    35 |   111 ||   146
 Cast: Summon Small Mamm |    17 |     6 |       |     2 ||    25
       Call Imp          |     5 |     5 |     6 |     6 ||    22
       Call Canine Famil |     1 |     7 |    25 |    14 ||    47
       Summon Lightning  |       |     1 |    30 |    41 ||    72
       Blink             |       |       |     1 |     3 ||     4
       Shock             |       |       |     1 |       ||     1
       Mephitic Cloud    |       |       |       |    13 ||    13
       Airstrike         |       |       |       |     6 ||     6
Evoke: Box of beasts     |       |       |       |     1 ||     1
  Use: Scroll            |     1 |       |     7 |     6 ||    14
       Potion            |     1 |       |     2 |     3 ||     6
 Stab: Distracted        |       |       |       |     3 ||     3
Armor: Robe              |    12 |     5 |     2 |       ||    19
       Leather armour    |       |       |    11 |    18 ||    29
       Ring mail         |       |       |       |    16 ||    16
Dodge: Dodged            |    29 |    19 |    69 |    65 ||   182
Block: Kite shield       |       |       |       |    57 ||    57

Table legend: (Time is in decaauts)
 A = Elapsed time spent in this place.
 B = Non-inter-level travel time spent in this place.
 C = Inter-level travel time spent in this place.
 D = Time resting spent in this place.
 E = Time spent auto-exploring this place.
 F = Levels seen in this place.
 G = Mean time per level.
                   A        B        C        D        E       F      G
               +--------+--------+--------+--------+--------+-----+--------+
         Total |   3397 |   1717 |   1680 |      0 |      0 |  14 |  242.6 |
       Dungeon |   3069 |   1389 |   1680 |      0 |      0 |  11 |  279.0 |
  Orcish Mines |     53 |     53 |      0 |      0 |      0 |   1 |   53.0 |
         Sewer |     69 |     69 |      0 |      0 |      0 |   1 |   69.0 |
        Bailey |    204 |    204 |      0 |      0 |      0 |   1 |  204.0 |
               +--------+--------+--------+--------+--------+-----+--------+

Top non-repeatable levels by time:
     D:3: 571 daAuts
     D:5: 525 daAuts
     D:6: 416 daAuts
    D:10: 367 daAuts
     D:7: 317 daAuts
     D:9: 284 daAuts
     D:1: 249 daAuts
  Bailey: 204 daAuts
     D:2: 117 daAuts
     D:4: 114 daAuts
     D:8: 78 daAuts
   Sewer: 69 daAuts
   Orc:1: 53 daAuts
    D:11: 27 daAuts
